 Dungeon Crawl Stone Soup version 0.26-a0-667-g92642533e4 (webtiles) character file.

Game seed: 7101109615515311975

2888 Ludicrosity the Summoner (level 9, -7/45 HPs)
             Began as a Gargoyle Ice Elementalist on Oct 17, 2020.
             Was a Priest of Vehumet.
             Mangled by a two-headed ogre
             ... wielding a +0 dire flail
              (13 damage)
             ... on level 8 of the Dungeon.
             The game lasted 00:30:37 (8041 turns).

Ludicrosity the Summoner (GrIE)                     Turns: 8041, Time: 00:30:38

Health: -7/45      AC: 10    Str: 12    XL:     9   Next: 77%
Magic:  14/14      EV: 21    Int: 19    God:    Vehumet [***...]
Gold:   316        SH:  0    Dex: 10    Spells: 7/15 levels left

rFire    . . .     SeeInvis .   C - +2 halberd (protect)
rCold    . . .     Faith    .   (shield currently unavailable)
rNeg     + . .     Spirit   .   a - +0 robe
rPois    ∞         Reflect  .   i - +0 helmet
rElec    +         Harm     .   p - +0 cloak
rCorr    .         Rampage  .   (no gloves)
MR       .....                  (no boots)
Stlth    +++.......             h - amulet of magic regeneration
HPRegen  0.15/turn              m - +4 ring of evasion
MPRegen  0.39/turn              D - +4 ring of evasion

@: no status effects
A: negative energy resistance 1, electricity resistance, unbreathing,
petrification resistance, rot immunity, AC +6
a: Renounce Religion


You were on level 8 of the Dungeon.
You worshipped Vehumet.
Vehumet was most pleased with you.
You visited 2 branches of the dungeon, and saw 9 of its levels.
You also visited: Ossuary.

You collected 368 gold pieces.
You spent 52 gold pieces at shops.

Inventory:

Hand Weapons
 l - the +9 hunting sling of Keuczun {speed, rC++ Int+5 SInv}
   (You found it on level 6 of the Dungeon)

   Attacks with this weapon are significantly faster.
   It affects your intelligence (+5).
   It greatly protects you from cold.
   It lets you see invisible.
 C - a +2 halberd of protection (weapon)
Missiles
 o - 208 stones (quivered)
Armour
 a - a +0 robe (worn)
 i - a +0 helmet (worn)
 p - a +0 cloak (worn)
Jewellery
 h - an amulet of magic regeneration (around neck)
 m - a +4 ring of evasion (left hand)
 s - a +6 ring of strength {unknown}
 D - a +4 ring of evasion (right hand)
Wands
 d - a wand of acid (9)
 w - a wand of enslavement (8)
 F - a wand of digging (6)
 H - a wand of paralysis (6)
Scrolls
 b - a scroll of blinking
 g - 6 scrolls of teleportation
 j - 2 scrolls of enchant armour
 u - a scroll of amnesia
 v - 2 scrolls of remove curse
 x - 4 scrolls of magic mapping
 y - 2 scrolls of enchant weapon
 z - a scroll of immolation
 E - a scroll of vulnerability
Potions
 c - 2 potions of might
 e - 6 potions of curing
 f - 3 potions of mutation {unknown}
 n - 2 potions of magic {unknown}
 r - a potion of haste {unknown}
 t - a potion of brilliance {unknown}
 A - 3 potions of heal wounds
 B - 2 potions of invisibility {unknown}
 G - 2 potions of flight {unknown}
 I - a potion of cancellation {unknown}


   Skills:
 - Level 3.3 Dodging
 - Level 4.7 Stealth
 - Level 3.9 Spellcasting
 + Level 9.9 Summonings
 - Level 5.5 Ice Magic


You had 7 spell levels left.
You knew the following spells:

 Your Spells              Type           Power        Failure   Level
a - Freeze                Ice            ###.         1%          1
b - Frozen Ramparts       Ice            ###...       1%          3
c - Summon Ice Beast      Ice/Summ       ####....     6%          4

Your spell library contained the following spells:

 Spells                   Type           Power        Failure   Level
 Inner Flame              Hex/Fire       #.......     11%         3
 Summon Small Mammal      Summ           ####         1%          1
 Call Imp                 Summ           #####...     1%          2
 Magic Dart               Conj           #...         4%          1
 Shock                    Conj/Air       #...         4%          1
 Ozocubu's Armour         Ice            ###.....     4%          3
 Conjure Flame            Conj/Fire      #.......     11%         3
 Mephitic Cloud           Conj/Pois/Air  #.......     11%         3
 Static Discharge         Conj/Air       #.......     11%         3
 Hailstorm                Conj/Ice       ##......     12%         4
 Animate Skeleton         Necr           #.....       14%         1
 Apportation              Tloc           #.....       14%         1
 Corona                   Hex            #......      14%         1
 Pain                     Necr           #...         14%         1
 Blink                    Tloc           N/A          22%         2
 Slow                     Hex            #.......     22%         2
 Swiftness                Air            #.......     22%         2
 Airstrike                Air            #.........   32%         4
 Vampiric Draining        Necr           #.........   38%         3
 Lightning Bolt           Conj/Air       #.........   65%         5
 Animate Dead             Necr           #.........   80%         4
 Agony                    Necr           #.......     98%         5


Dungeon Overview and Level Annotations

Branches:
Dungeon (8/15)             Temple (1/1) D:4         Ossuary (visited)
   Lair: D:8-11

Altars:
Ashenzari
Cheibriados
Dithmenos
Elyvilon
Fedhas
Gozag
Hepliaklqana
Kikubaaqudgha
Makhleb
Nemelex Xobeh
Okawaru
Qazlal
Ru
Sif Muna
Trog
Uskayaw
Vehumet
Wu Jian
Xom
Yredelemnul
Zin
The Shining One

Shops:
D:8 ?

Annotations:
D:6 1 runed translucent door


Innate Abilities, Weirdness & Mutations

You are resistant to torment.
Your stone body is resilient. (AC +6)
You are immune to poison.
You resist negative energy. (rN+)
You are resistant to electric shocks. (rElec)
You can survive without breathing.
You are immune to petrification.
You are immune to rotting.


Message History

You hit the two-headed ogre but do no damage.
The two-headed ogre is moderately wounded.
The two-headed ogre hits you with a +0 giant spiked club.
The two-headed ogre misses you. x2
The two-headed ogre hits you but does no damage.
You barely miss the two-headed ogre.
The two-headed ogre is moderately wounded.
The white imp shouts, "Accept thy doom, thou twisted kobold-kissing nert!"
The two-headed ogre closely misses you.
The two-headed ogre completely misses you.
The two-headed ogre hits you with a +0 dire flail!
The two-headed ogre barely misses you.
You are too injured to fight recklessly!
You are too injured to fight recklessly!
You are too injured to fight recklessly!
The two-headed ogre hits you with a +0 giant spiked club!!
* * * LOW HITPOINT WARNING * * *
The two-headed ogre completely misses you.
The two-headed ogre hits you with a +0 dire flail!
You die...

....#### #..........#..
.......###.....[.......
....##.#.............#
....##.#.............#
#...................#
....................
....####.###..#..#
....####.####....#####..
...............#@...h...
..........####OO#.......
..............))..####..
..#############.### ..#
... ### #.... ...... ###
.......# ..# ...$...#


You could see 2 two-headed ogres and a black bear (wandering).

Vanquished Creatures
  Pikel (D:7)
  A steam dragon (D:7)
  A water moccasin (D:8)
  2 sky beasts
  An ice beast (D:6)
  2 phantoms
  An orc warrior (D:7)
  An eye of draining (D:8)
  3 ogres
  A bullfrog (D:8)
  3 lemures (D:7)
  A scorpion (D:4)
  3 howler monkeys (D:4)
  A hound (D:5)
  A bullfrog zombie (D:7)
  A bullfrog skeleton (D:4)
  3 jellies
  3 orc priests
  A centaur skeleton (D:7)
  An iguana (D:7)
  Natasha (thrice) (D:4)
  3 orc wizards
  5 worker ants
  3 big kobold zombies (Ossuary)
  A mummy (Ossuary)
  2 gnolls (D:6)
  13 adders
  A shadow imp (D:7)
  3 white imps
  2 oozes (D:2)
  5 adder zombies
  3 worms
  4 dart slugs
  7 leopard geckos
  25 orcs
  7 giant cockroaches
  2 gnoll zombies (Ossuary)
  5 goblins
  9 hobgoblins
  8 jackals
  3 quokkas
  11 bats
  4 frilled lizards
  5 hobgoblin zombies (Ossuary)
  4 kobolds
  5 kobold zombies (Ossuary)
  5 orc zombies (Ossuary)
  8 rats
188 creatures vanquished.

Vanquished Creatures (collateral kills)
  An ice beast (D:8)
  2 orc wizards
  A worker ant (D:5)
  A mummy (Ossuary)
  A gnoll (D:6)
  A white imp (D:5)
  5 orcs
  A hobgoblin zombie (Ossuary)
13 creatures vanquished.

Vanquished Creatures (others)
  8 fungi (D:5)
8 creatures vanquished.

Grand Total: 209 creatures vanquished

Notes
Turn   | Place    | Note
-------+----------+-------------------------------------------
     0 | D:1      | Ludicrosity the Gargoyle Ice Elementalist began the quest
                  | for the Orb.
     0 | D:1      | Reached XP level 1. HP: 10/10 MP: 3/3
   228 | D:1      | Reached XP level 2. HP: 8/15 MP: 0/5
  1136 | D:2      | Reached XP level 3. HP: 16/19 MP: 1/6
  1351 | D:2      | Learned a level 3 spell: Frozen Ramparts
  1359 | D:2      | Reached XP level 4. HP: 24/24 MP: 2/7
  1418 | D:2      | Found a glowing golden altar of the Shining One.
  1892 | D:2      | Reached XP level 5. HP: 28/28 MP: 6/9
  1961 | D:2      | Found a sparkling altar of Nemelex Xobeh.
  2866 | D:4      | Noticed Natasha
  2874 | D:4      | Killed Natasha
  2874 | D:4      | Reached XP level 6. HP: 32/32 MP: 7/10
  2897 | D:4      | Reached skill level 5 in Ice Magic
  2937 | D:4      | Noticed Natasha
  2952 | D:4      | Killed Natasha
  2975 | D:4      | Found a staircase to the Ecumenical Temple.
  2989 | D:4      | Noticed Natasha
  2997 | D:4      | Killed Natasha
  3014 | Temple   | Entered the Ecumenical Temple
  3140 | Temple   | Became a worshipper of Vehumet
  3163 | D:4      | Got a masterwork hunting sling
  3164 | D:4      | Identified the +5 hunting sling of Quick Death {flame,
                  | *Slow rN++ Str+3 Stlth+} (You found it on level 4 of the
                  | Dungeon)
  3250 | D:4      | Reached XP level 7. HP: 36/36 MP: 9/12
  3363 | D:4      | Learned a level 4 spell: Summon Ice Beast
  3367 | D:4      | Found a snail-covered altar of Cheibriados.
  3740 | D:4      | Reached skill level 1 in Summonings
  3802 | D:5      | Entered Level 5 of the Dungeon
  3828 | D:5      | Found a sand-covered staircase.
  3836 | Ossuary  | Entered an ossuary
  4006 | Ossuary  | Reached * piety under Vehumet
  4006 | Ossuary  | Offered knowledge of Magic Dart by Vehumet.
  4085 | Ossuary  | Reached skill level 2 in Summonings
  4548 | D:5      | Reached skill level 3 in Summonings
  4639 | D:5      | Reached skill level 4 in Summonings
  4639 | D:5      | Reached XP level 8. HP: 26/41 MP: 13/13
  5199 | D:6      | Reached skill level 5 in Summonings
  5479 | D:6      | Reached ** piety under Vehumet
  5487 | D:6      | Offered knowledge of Searing Ray by Vehumet.
  5590 | D:6      | Reached skill level 6 in Summonings
  5614 | D:6      | Got a distressingly furry ring mail
  5625 | D:6      | Identified the +3 ring mail "Ocwoesing" {Harm} (You found
                  | it on level 6 of the Dungeon)
  5761 | D:6      | Found an iron altar of Okawaru.
  5829 | D:6      | Found a runed translucent door.
  5829 | D:6      | Found a glowing silver altar of Zin.
  5829 | D:6      | Noticed an angel
  6177 | D:6      | Got a pitted hunting sling
  6178 | D:6      | Identified the +9 hunting sling of Keuczun {speed, rC++
                  | Int+5 SInv} (You found it on level 6 of the Dungeon)
  6757 | D:7      | Reached skill level 7 in Summonings
  6834 | D:7      | Reached XP level 9. HP: 23/45 MP: 11/14
  6999 | D:7      | Found a hide-covered altar of Uskayaw.
  7122 | D:7      | Got an ancient kite shield
  7129 | D:7      | Identified the +1 kite shield of Knowledge {+Blink rElec
                  | rPois} (You found it on level 7 of the Dungeon)
  7251 | D:7      | Reached skill level 8 in Summonings
  7475 | D:7      | Noticed Pikel
  7507 | D:7      | Killed Pikel
  7507 | D:7      | Reached skill level 9 in Summonings
  7688 | D:8      | Offered knowledge of Inner Flame by Vehumet.
  7798 | D:8      | Found Jalimmus's Magic Scroll Emporium.
  7807 | D:8      | Bought a scroll of identify for 26 gold pieces
  7807 | D:8      | Bought a scroll of identify for 26 gold pieces
  8027 | D:8      | Reached *** piety under Vehumet
  8027 | D:8      | Noticed a two-headed ogre
  8027 | D:8      | Noticed a two-headed ogre
  8041 | D:8      | Mangled by a two-headed ogre

Illustrated notes

Levels and vault maps discovered:
D:1:      sevenhm_arrival_forest_fort_large_2, layout_rooms
D:2:      layout_basic, tso_metal_star, nemelex_dance_club_becter
D:3:      layout_rooms, minivault_27
D:4:      layout_cave_pools, old_standard_altar,
          minmay_temple_entry_drinking_statues, uniq_natasha
D:5:      layout_rooms, chequers_ossuary_entry_cave, serial_aquarium,
          aquarium_bridge_straight [aquarium_subvault_bridge,
          aquarium_subvault_wall, aquarium_subvault_bridge,
          aquarium_subvault_balcony], aquarium_window_1, aquarium_window_fake,
          aquarium_window_fake, aquarium_view_2c, aquarium_balcony_3b
D:6:      layout_cave_pods, okawaru_gym_becter, lemuel_angel_altar
D:7:      cheibrodos_helix_gallery, layout_loops_ring,
          eat_drink_and_be_merry_uskayaw, minmay_bent, uniq_pikel
D:8:      layout_rooms, serial_shops, nicolae_shop_stone,
          kennysheep_generic_room_10
Temple:   regret_index_temple_mists

Skill      XL: |  1  2  3  4  5  6  7  8  9 |
---------------+----------------------------+-----
Dodging        | 2 3 |  3.3
Stealth        | 3 4 |  4.7
Spellcasting   | 3 |  3.9
Ice Magic      | 5 |  5.5
Summonings     | 4 7 9 |  9.9

Action                   |  1- 3 |  4- 6 |  7- 9 || total
-------------------------+-------+-------+-------++-------
Melee: Unarmed           |     1 |       |       ||     1
       Short sword       |     4 |       |       ||     4
       Hand axe          |    12 |    75 |   210 ||   297
       Halberd           |       |       |   231 ||   231
 Cast: Freeze            |    42 |     5 |       ||    47
       Frozen Ramparts   |     1 |    28 |    44 ||    73
       Summon Ice Beast  |       |       |    12 ||    12
  Use: Scroll            |       |       |    15 ||    15
 Stab: Sleeping          |       |       |     4 ||     4
       Distracted        |       |       |     1 ||     1
Armor: Robe              |    25 |    40 |   132 ||   197
Dodge: Dodged            |    49 |   106 |   441 ||   596

Table legend: (Time is in decaauts)
 A = Elapsed time spent in this place.
 B = Non-inter-level travel time spent in this place.
 C = Inter-level travel time spent in this place.
 D = Time resting spent in this place.
 E = Time spent auto-exploring this place.
 F = Levels seen in this place.
 G = Mean time per level.
                   A        B        C        D        E       F      G
               +--------+--------+--------+--------+--------+-----+--------+
         Total |   8293 |   7807 |    486 |    294 |   5167 |  10 |  829.3 |
       Dungeon |   7463 |   6977 |    486 |     42 |   5021 |   8 |  932.9 |
        Temple |    187 |    187 |      0 |      0 |    145 |   1 |  187.0 |
       Ossuary |    642 |    642 |      0 |    252 |      0 |   1 |  642.0 |
               +--------+--------+--------+--------+--------+-----+--------+

Top non-repeatable levels by time:
     D:7: 1069 daAuts
     D:1: 1063 daAuts
     D:6: 1054 daAuts
     D:5: 988 daAuts
     D:2: 964 daAuts
     D:4: 935 daAuts
     D:3: 915 daAuts
 Ossuary: 642 daAuts
     D:8: 472 daAuts
  Temple: 187 daAuts
